Map: Port Aleksander LE

Players

MjBoss

  • Race: Protoss Protoss
  • League: Platinum
  • Spawn Location: 5:00

Mesrob - Winner!

  • Race: Terran Terran
  • League: Gold
  • Spawn Location: 11:00

VOD

Have the link to the VOD?

Description

Time

  • Played on: Jan. 10, 2019, 9:44 a.m.
  • Length: 13:22
Show
View Real Time Build Order
Export as new Build Order

MjBoss Protoss 

Build Orders: Zealot Archon 

Get SALT Encoding   

  1  0:00  Probe  
  12  0:06  Probe  
  14  0:22  Pylon  
  14  0:37  Probe  
  15  0:45  Gateway  
  15  0:49  Probe  
  16  0:52  Assimilator  
  16  1:01  Probe  
  17  1:13  Probe  
  18  1:22  Probe  
  18  1:30  Probe  
  19  1:37  Cybernetics Core  
  20  1:40  Probe, Gateway  
  20  1:46  Pylon  
  21  1:52  Probe  
  22  2:02  Assimilator  
  21  2:10  Stalker  
  21  2:18  Nexus  
  23  2:28  Adept  
  25  2:42  Warp Gate, Probe  
  26  2:45  Adept  
  28  2:54  Probe  
  28  2:58  Twilight Council  
  29  3:06  Probe  
  30  3:18  Probe  
  31  3:22  Pylon  
  31  3:27  Pylon  
  31  3:29  Stalker  
  31  3:31  Probe  
  33  3:35  Probe  
  33  3:39  Probe  
  33  3:40  Charge  
  35  3:47  Probe  
  37  3:49  Probe  
  38  4:45  Probe x2  
  36  4:48  Stalker x2  
  36  4:51  Gateway  
  40  4:54  Gateway  
  40  4:57  Probe x2  
  42  5:01  Robotics Facility  
  42  5:09  Probe x2  
  42  5:13  Templar Archives  
  44  5:15  Pylon  
  44  5:19  Gateway  
  44  5:20  Probe  
  44  5:21  Probe  
  44  5:22  Gateway  
  44  5:25  Stalker x2  
  44  5:28  Probe  
  50  5:34  Probe  
  52  5:36  Probe  
  52  5:41  Blink  
  53  5:45  Pylon  
  53  5:46  Probe  
  53  5:48  Pylon  
  53  5:49  Probe  
  55  5:51  Immortal  
  55  5:52  Assimilator, Pylon  
  55  5:58  Probe  
  60  6:04  Zealot  
  60  6:05  Zealot  
  64  6:19  Zealot  
  64  6:20  Zealot x3  
  71  6:30  Assimilator  
  71  6:45  High Templar x2, Nexus  
  75  6:48  Pylon, Zealot  
  75  6:52  Archon  
  77  7:01  High Templar  
  79  7:10  Probe  
  79  7:11  Probe  
  79  7:14  Observer  
  81  7:17  Zealot x5  
  92  7:23  Probe x2  
  92  7:29  Psionic Storm  
  94  7:35  Pylon, Probe x2  
  96  7:40  Pylon  
  96  7:42  Pylon  
  96  7:44  Pylon  
  96  7:46  Pylon  
  96  7:47  Probe  
  98  7:51  Probe  
  98  7:54  High Templar x2  
  103  7:58  Probe  
  103  7:59  Probe  
  103  8:01  Zealot  
  103  8:03  Probe  
  107  8:10  Probe  
  107  8:11  Immortal  
  112  8:13  High Templar  
  112  8:15  Archon  
  112  8:17  Zealot x2  
  112  8:19  Probe  
  120  8:20  Probe  
  120  8:23  Probe  
  120  8:26  Zealot  
  123  8:29  High Templar  
  123  8:31  Probe  
  126  8:42  Zealot x2  
  126  8:43  Zealot  
  132  9:11  Archon  
  132  9:16  Warp Prism  
  132  9:20  Forge  
  136  9:28  Robotics Facility  
  134  9:32  Robotics Bay  
  134  9:34  Pylon  
  134  9:40  Assimilator, Zealot  
  134  9:41  Zealot x5  
  134  9:44  Protoss Ground Weapons Level 1  
  146  9:52  Gateway  
  146  9:54  Gateway  
  146  9:56  Gateway  
  146  10:01  Pylon  
  146  10:04  Pylon  
  146  10:05  Pylon  
  146  10:07  Pylon  
  146  10:09  Pylon  
  146  10:11  Pylon  
  90  10:52  Disruptor x2  
  70  11:10  Zealot x5  
  70  11:11  Zealot x4  
  86  11:27  Disruptor  
  86  11:28  Disruptor  
  74  11:45  Stalker x2  
  74  11:46  Stalker x5  
  71  12:03  Disruptor  
  71  12:04  Immortal  
  73  12:21  Zealot x2  
  73  12:22  Zealot x6  
  50  12:37  Immortal  
  50  12:39  Immortal  
  26  12:59  Zealot x2  
  26  13:00  Zealot x6  
  26  13:01  Zealot  
Show
View Real Time Build Order
Export as new Build Order

Mesrob Terran - Winner!

Build Orders: 2 Factory, Mech 

Get SALT Encoding   

  12  0:01  SCV  
  13  0:13  SCV  
  14  0:19  Supply Depot  
  14  0:25  SCV  
  15  0:41  SCV  
  15  0:42  Barracks  
  16  0:53  SCV  
  17  1:01  Refinery  
  17  1:05  SCV  
  18  1:29  Orbital Command  
  18  1:35  Command Center  
  18  1:37  Marine  
  19  2:13  Factory  
  19  2:18  Barracks Tech Lab  
  19  2:48  Barracks Tech Lab  
  19  2:52  Orbital Command  
  19  2:56  SCV  
  20  3:06  Bunker  
  20  3:08  SCV  
  20  3:10  Marine, Factory  
  22  3:20  Refinery, SCV  
  23  3:28  Marine  
  23  3:32  SCV  
  25  3:35  Supply Depot  
  25  3:41  SCV  
  25  3:45  SCV  
  25  3:46  Marine, Siege Tank  
  31  3:53  SCV  
  32  3:58  Supply Depot  
  32  4:04  Marine  
  33  4:10  Engineering Bay  
  33  4:11  SCV  
  33  4:16  SCV  
  35  4:23  SCV  
  34  4:28  SCV  
  33  4:35  SCV  
  33  4:37  Siege Tank  
  34  4:52  Supply Depot  
  34  4:53  Factory Tech Lab  
  34  4:55  Marine  
  34  4:57  SCV  
  34  4:58  SCV  
  37  5:05  Refinery  
  37  5:09  Siege Tank, Armory  
  37  5:10  SCV x2  
  42  5:20  Missile Turret  
  42  5:39  Barracks Reactor  
  42  5:40  Factory  
  42  5:41  Hellion x2  
  46  5:57  SCV  
  46  5:58  SCV  
  48  6:09  Refinery  
  48  6:10  SCV x2  
  49  6:22  SCV x2  
  51  6:39  Siege Tank  
  54  6:40  Thor  
  54  6:43  Command Center  
  54  6:44  Terran Vehicle Weapons Level 1  
  60  6:50  Supply Depot x2  
  60  6:57  Hellbat  
  62  7:05  Marine  
  62  7:07  Factory  
  62  7:11  Marine, SCV x2  
  62  7:12  Hellbat  
  62  7:14  Supply Depot  
  67  7:23  SCV x2  
  67  7:28  Thor  
  75  7:36  SCV x2  
  75  7:37  Supply Depot  
  77  7:39  Hellbat x2  
  81  7:45  Supply Depot  
  81  7:48  SCV x2  
  83  7:56  Planetary Fortress  
  83  7:59  Supply Depot  
  83  8:00  Thor  
  83  8:04  SCV  
  83  8:05  Sensor Tower, SCV  
  91  8:16  SCV  
  91  8:17  SCV  
  93  8:39  Thor  
  93  8:41  Hellbat, Sensor Tower  
  101  8:51  Armory  
  101  8:52  Terran Vehicle And Ship Armor Level 1  
  101  8:53  Barracks Reactor  
  101  8:58  SCV  
  101  8:59  SCV x2  
  104  9:10  SCV  
  104  9:11  SCV x2  
  107  9:17  Refinery  
  107  9:22  SCV  
  107  9:23  Refinery  
  108  9:25  Sensor Tower  
  108  9:28  Missile Turret  
  108  9:49  Thor x2  
  108  9:50  Sensor Tower  
  108  9:51  Hellbat x2  
  124  9:54  Missile Turret  
  124  9:58  SCV  
  125  10:05  Supply Depot  
  125  10:10  Terran Vehicle Weapons Level 2  
  125  10:16  Missile Turret  
  125  10:18  Supply Depot  
  125  10:20  Hi-Sec Auto Tracking  
  125  10:27  Hellbat x3, SCV x2  
  133  10:29  Supply Depot  
  117  10:46  Terran Ship Weapons Level 1  
  99  10:53  Supply Depot  
  95  10:57  Hellbat, Thor  
  95  10:58  Hellbat  
  95  10:59  Hellbat  
  95  11:00  Thor  
  95  11:03  Missile Turret  
  111  11:12  Marine x2  
  113  11:20  Thor  
  113  11:22  Hellbat x2  
  113  11:25  Missile Turret  
  114  11:40  Thor  
  114  11:43  Hellbat x2, Thor  
  130  11:51  Missile Turret  
  126  12:03  Thor  
  126  12:05  Hellbat x2  
  136  12:15  Missile Turret  
  136  12:23  Thor  
  136  12:26  Hellbat x2, Thor  
  148  12:43  SCV x2  
  148  12:44  SCV  
  145  12:46  Hellbat  
  145  12:47  Hellbat  
  145  12:48  Hellbat  
  139  12:55  SCV  
  139  12:56  SCV  
  141  13:02  Refinery  
Tags
 
Add a new tag
Caveats
  • Supply blocks, unpowered buildings, or Contaminate may cause inaccurate times.
  • Supply counts are checked every 10 seconds.